BSA
SEATTLE PIKES @ HOUSTON MARSHALS
06/30/2028
 
TOP OF THE 1ST
Seattle Pikes batting - Pitching for Houston Marshals : RHP Ron Scott
Pitching: RHP Ron Scott
Batting: LHB Roberto Lozano 0-0: Ball
1-0: Foul Ball, location: 2F
1-1: SINGLE (Groundball, 25) (infield hit)
Batting: RHB Wallace Greene 0-0: Fielders Choice at 2nd, 6-4 (Groundball, 6)
Batting: LHB Richard Hunter 0-0: Ball
1-0: Ball
2-0: Called Strike
2-1: Ball
3-1: Foul Ball, location: 2F
3-2: SINGLE (Line Drive, 6D)
Wallace Greene to second
Batting: SHB António Hernández 0-0: Called Strike
0-1: Called Strike
0-2: Ball
1-2: Strikes out swinging
Batting: RHB Pete Rideout 0-0: Foul Ball, location: 2F
0-1: Ball
1-1: Ball
2-1: Fielders Choice at 2nd, 6-4 (Groundball, 6)
Top of the 1st over - 0 run(s), 2 hit(s), 0 error(s), 1 left on base; Seattle 0 - Houston 0
BOTTOM OF THE 1ST
Houston Marshals batting - Pitching for Seattle Pikes : RHP António Rijo
Pitching: RHP António Rijo
Batting: RHB Alberto Velásquez 0-0: Ball
1-0: Ball
2-0: Called Strike
2-1: Foul Ball, location: 2F
2-2: Foul Ball, location: 2F
2-2: Strikes out looking
Batting: SHB Ramón Lugo 0-0: Ground out 4-3 (Groundball, 4)
Batting: LHB Lewis Barr 0-0: SINGLE (Groundball, 4MD)
Batting: LHB José Rodríguez 0-0: Fielders Choice at 2nd, 4-6 (Groundball, 4)
Bottom of the 1st over - 0 run(s), 1 hit(s), 0 error(s), 0 left on base; Seattle 0 - Houston 0
TOP OF THE 2ND
Seattle Pikes batting - Pitching for Houston Marshals : RHP Ron Scott
Batting: LHB Eduardo Gómez 0-0: Called Strike
0-1: Swinging Strike
0-2: Strikes out looking
Batting: RHB Arnold Harmon 0-0: Ball
1-0: Ground out 5-3 (Groundball, 56)
Batting: LHB David Monahan 0-0: Called Strike
0-1: Called Strike
0-2: Ball
1-2: Ball
2-2: Strikes out swinging
Top of the 2nd over - 0 run(s), 0 hit(s), 0 error(s), 0 left on base; Seattle 0 - Houston 0
BOTTOM OF THE 2ND
Houston Marshals batting - Pitching for Seattle Pikes : RHP António Rijo
Batting: SHB Álex Rosado 0-0: Foul Ball, location: 2F
0-1: Foul Ball, location: 2F
0-2: Ground out 5-3 (Groundball, 56S)
Batting: LHB Matt Smith 0-0: Foul Ball, location: 2F
0-1: Ball
1-1: Called Strike
1-2: Strikes out swinging
Batting: SHB Juan Gómez 0-0: Ball
1-0: Ball
2-0: Ball
3-0: Called Strike
3-1: Swinging Strike
3-2: Base on Balls
Batting: LHB Kent MacDulothe 0-0: Ball
1-0: Ball
2-0: Ball
3-0: Called Strike
3-1: Called Strike
3-2: Fly out, F8 (Line Drive, 8LM)
Bottom of the 2nd over - 0 run(s), 0 hit(s), 0 error(s), 1 left on base; Seattle 0 - Houston 0
TOP OF THE 3RD
Seattle Pikes batting - Pitching for Houston Marshals : RHP Ron Scott
Batting: RHB Bill Mark 0-0: Foul Ball, location: 2F
0-1: Ball
1-1: Foul Ball, location: 2F
1-2: Ball
2-2: Ball
3-2: Foul Ball, location: 2F
3-2: Foul Ball, location: 2F
3-2: Foul Ball, location: 2F
3-2: Fly out, F8 (Flyball, 8LS)
Batting: LHB Roberto Lozano 0-0: Ground out 4-3 (Groundball, 34)
Batting: RHB Wallace Greene 0-0: Swinging Strike
0-1: Fly out, F7 (Line Drive, 7LS)
Top of the 3rd over - 0 run(s), 0 hit(s), 0 error(s), 0 left on base; Seattle 0 - Houston 0
BOTTOM OF THE 3RD
Houston Marshals batting - Pitching for Seattle Pikes : RHP António Rijo
Batting: RHB Gregg Nelson 0-0: Called Strike
0-1: Called Strike
0-2: Ball
1-2: Ball
2-2: Ball
3-2: Fly out, F8 (Flyball, 8RM)
Batting: RHB Alberto Velásquez 0-0: Ball
1-0: Ball
2-0: Fly out, F9 (Flyball, 9LM)
Batting: SHB Ramón Lugo 0-0: Called Strike
0-1: Called Strike
0-2: Strikes out looking
Bottom of the 3rd over - 0 run(s), 0 hit(s), 0 error(s), 0 left on base; Seattle 0 - Houston 0
TOP OF THE 4TH
Seattle Pikes batting - Pitching for Houston Marshals : RHP Ron Scott
Batting: LHB Richard Hunter 0-0: Ball
1-0: Foul Ball, location: 2F
1-1: Ball
2-1: SINGLE (Line Drive, 4M)
Batting: SHB António Hernández 0-0: Ball
Wild Pitch!
Richard Hunter to second
1-0: Called Strike
1-1: Ball
2-1: Ball
3-1: Base on Balls
Batting: RHB Pete Rideout 0-0: Ball
1-0: Called Strike
1-1: Ball
2-1: Ball
3-1: Base on Balls
Richard Hunter to third
António Hernández to second
Batting: LHB Eduardo Gómez 0-0: Ball
Wild Pitch!
Richard Hunter scores
António Hernández to third
Pete Rideout to second
1-0: Foul Ball, location: 2F
1-1: Ground out U3 (Groundball, 3)
Batting: RHB Arnold Harmon 0-0: Ball
1-0: Called Strike
1-1: Fly out, F8 (Flyball, 8RD)
Runner from 3rd tags up, SCORES, no throw
Pete Rideout to third
Batting: LHB David Monahan 0-0: Ball
1-0: Ball
2-0: SINGLE (Groundball, 4MD)
Pete Rideout scores
Batting: RHB Bill Mark 0-0: Called Strike
0-1: Fielders Choice at 2nd, 5-4 (Groundball, 56)
Top of the 4th over - 3 run(s), 2 hit(s), 0 error(s), 0 left on base; Seattle 3 - Houston 0
BOTTOM OF THE 4TH
Houston Marshals batting - Pitching for Seattle Pikes : RHP António Rijo
Batting: LHB Lewis Barr 0-0: Foul Ball, location: 2F
0-1: Ball
1-1: Ball
2-1: Foul Ball, location: 2F
2-2: Ground out U3 (Groundball, 3L)
Batting: LHB José Rodríguez 0-0: Ball
1-0: Foul Ball, location: 2F
1-1: Swinging Strike
1-2: Ball
2-2: Fly out, F7 (Flyball, 78M)
Batting: SHB Álex Rosado 0-0: Foul Ball, location: 2F
0-1: Swinging Strike
0-2: Foul Ball, location: 2F
0-2: Foul Ball, location: 2F
0-2: Ball
1-2: SINGLE (Line Drive, 56D)
Batting: LHB Matt Smith 0-0: Fielders Choice at 2nd, 4-6 (Groundball, 34)
Bottom of the 4th over - 0 run(s), 1 hit(s), 0 error(s), 0 left on base; Seattle 3 - Houston 0
TOP OF THE 5TH
Seattle Pikes batting - Pitching for Houston Marshals : RHP Ron Scott
Batting: LHB Roberto Lozano 0-0: Called Strike
0-1: Ball
1-1: Ball
2-1: Fly out, F8 (Flyball, 8LM)
Batting: RHB Wallace Greene 0-0: Swinging Strike
0-1: Ball
1-1: Ground out 5-3 (Groundball, 56)
Batting: LHB Richard Hunter 0-0: Swinging Strike
0-1: Foul Ball, location: 2F
0-2: Fly out, F8 (Flyball, 8LS)
Top of the 5th over - 0 run(s), 0 hit(s), 0 error(s), 0 left on base; Seattle 3 - Houston 0
BOTTOM OF THE 5TH
Houston Marshals batting - Pitching for Seattle Pikes : RHP António Rijo
Batting: SHB Juan Gómez 0-0: Swinging Strike
0-1: Ball
1-1: Foul Ball, location: 2F
1-2: Strikes out looking
Batting: LHB Kent MacDulothe 0-0: Called Strike
0-1: Ball
1-1: SINGLE (Line Drive, 8RS)
Batting: RHB Gregg Nelson 0-0: Called Strike
0-1: Ball
1-1: Swinging Strike
1-2: DOUBLE (Line Drive, 78M)
Kent MacDulothe to third
Batting: RHB Alberto Velásquez 0-0: Ball
1-0: Ball
2-0: Foul Ball, location: 2F
2-1: Ball
3-1: Foul Ball, location: 2F
3-2: Strikes out looking
Batting: SHB Ramón Lugo 0-0: Ball
Passed Ball!
Kent MacDulothe scores
Gregg Nelson to third
1-0: Fly out, F5 (Popup, 5L)
Bottom of the 5th over - 1 run(s), 2 hit(s), 0 error(s), 1 left on base; Seattle 3 - Houston 1
TOP OF THE 6TH
Seattle Pikes batting - Pitching for Houston Marshals : RHP Ron Scott
Batting: SHB António Hernández 0-0: Ball
1-0: Ball
2-0: SINGLE (Line Drive, 3L)
Batting: RHB Pete Rideout 0-0: Called Strike
0-1: Ball
1-1: Ball
2-1: Called Strike
2-2: Foul Ball, location: 2F
2-2: Foul Ball, location: 2F
2-2: SINGLE (Groundball, 6MD)
António Hernández to second
Batting: LHB Eduardo Gómez 0-0: Ball
1-0: Ball
2-0: Swinging Strike
2-1: Ball
3-1: Base on Balls
António Hernández to third
Pete Rideout to second
Batting: RHB Arnold Harmon 0-0: Ball
1-0: Foul Ball, location: 2F
1-1: DOUBLE (Line Drive, 9LM)
António Hernández scores
Pete Rideout scores
Eduardo Gómez to third
Pitching: RHP Álex Rodríguez
Batting: LHB David Monahan 0-0: Ball
1-0: Foul Ball, location: 2F
1-1: Ball
2-1: Fly out, F9 (Flyball, 89M)
Runner from 3rd tags up, SCORES, throw made
Batting: RHB Bill Mark 0-0: Foul Ball, location: 2F
0-1: Ground out 6-3 (Groundball, 6)
Batting: LHB Roberto Lozano 0-0: Ground out 6-3 (Groundball, 6S)
Top of the 6th over - 3 run(s), 3 hit(s), 0 error(s), 1 left on base; Seattle 6 - Houston 1
BOTTOM OF THE 6TH
Houston Marshals batting - Pitching for Seattle Pikes : RHP António Rijo
Batting: LHB Lewis Barr 0-0: Ball
1-0: Ball
2-0: Ground out 6-3 (Groundball, 6)
Batting: LHB José Rodríguez 0-0: Ground out 4-3 (Groundball, 4MD)
Batting: SHB Álex Rosado 0-0: Ground out 3-1 (Groundball, 34S)
Bottom of the 6th over - 0 run(s), 0 hit(s), 0 error(s), 0 left on base; Seattle 6 - Houston 1
TOP OF THE 7TH
Seattle Pikes batting - Pitching for Houston Marshals : RHP Álex Rodríguez
Batting: RHB Wallace Greene 0-0: Called Strike
0-1: Ball
1-1: Called Strike
1-2: Ball
2-2: Foul Ball, location: 2F
2-2: Strikes out swinging
Batting: LHB Richard Hunter 0-0: Ball
1-0: Ball
2-0: Ball
3-0: Called Strike
3-1: Swinging Strike
3-2: Base on Balls
Batting: SHB António Hernández 0-0: Called Strike
0-1: Swinging Strike
0-2: Foul Ball, location: 2F
0-2: Foul Ball, location: 2F
0-2: Foul Ball, location: 2F
0-2: Ball
1-2: Grounds into double play, 6-4-3 (Groundball, 6)
Top of the 7th over - 0 run(s), 0 hit(s), 0 error(s), 0 left on base; Seattle 6 - Houston 1
BOTTOM OF THE 7TH
Houston Marshals batting - Pitching for Seattle Pikes : RHP António Rijo
Batting: LHB Matt Smith 0-0: Ball
1-0: Foul Ball, location: 2F
1-1: Swinging Strike
1-2: Foul Ball, location: 2F
1-2: Ball
2-2: Foul Ball, location: 2F
2-2: Strikes out swinging
Batting: SHB Juan Gómez 0-0: Ground out 4-3 (Groundball, 34)
Batting: LHB Kent MacDulothe 0-0: Ball
1-0: Foul Ball, location: 2F
1-1: Ball
2-1: Fly out, F8 (Flyball, 8RM)
Bottom of the 7th over - 0 run(s), 0 hit(s), 0 error(s), 0 left on base; Seattle 6 - Houston 1
TOP OF THE 8TH
Seattle Pikes batting - Pitching for Houston Marshals : RHP Álex Rodríguez
Batting: RHB Pete Rideout 0-0: Ball
1-0: Foul Ball, location: 2F
1-1: Ball
2-1: Fly out, F8 (Line Drive, 78D)
Batting: LHB Eduardo Gómez 0-0: Fly out, F6 (Popup, 6)
Batting: RHB Arnold Harmon 0-0: Fly out, F9 (Flyball, 9S)
Top of the 8th over - 0 run(s), 0 hit(s), 0 error(s), 0 left on base; Seattle 6 - Houston 1
BOTTOM OF THE 8TH
Houston Marshals batting - Pitching for Seattle Pikes : RHP António Rijo
Pitching: LHP Manny Sandoval
Now at 2B: Richard Bowman
Batting: RHB Gregg Nelson 0-0: Ball
1-0: Ball
2-0: SINGLE (Line Drive, 9S)
Batting: RHB Alberto Velásquez 0-0: Fly out, F9 (Line Drive, 9)
Batting: SHB Ramón Lugo 0-0: Foul Ball, location: 2F
0-1: Foul Ball, location: 2F
0-2: Ball
1-2: 2-RUN HOME RUN (Flyball, 7D), Distance : 396 ft
Pitching: RHP Orlando Ojeda
Batting: LHB Lewis Barr 0-0: Called Strike
0-1: Ground out 5-3 (Groundball, 5L)
Batting: LHB José Rodríguez 0-0: Called Strike
0-1: Ball
1-1: Ball
2-1: Ball
3-1: Ground out 4-3 (Groundball, 4)
Bottom of the 8th over - 2 run(s), 2 hit(s), 0 error(s), 0 left on base; Seattle 6 - Houston 3
TOP OF THE 9TH
Seattle Pikes batting - Pitching for Houston Marshals : RHP Álex Rodríguez
Batting: LHB David Monahan 0-0: SINGLE (Groundball, 4D)
Batting: RHB Bill Mark 0-0: Called Strike
0-1: Ball
1-1: Ball
2-1: Ball
3-1: Called Strike
3-2: Foul Ball, location: 2F
3-2: Foul Ball, location: 2F
3-2: Base on Balls
David Monahan to second
Pitching: RHP Jim Daniel
Batting: LHB Roberto Lozano 0-0: Ball
1-0: Ball
2-0: Ball
3-0: Base on Balls
David Monahan to third
Bill Mark to second
Pitching: RHP Pablo Cabral
Batting: RHB Wallace Greene 0-0: Foul Ball, location: 2F
0-1: Swinging Strike
0-2: Ball
1-2: Ball
2-2: Grounds into fielders choice 6-2 (Groundball, 6)
Bill Mark to third
Roberto Lozano to second
Batting: LHB Richard Hunter 0-0: Ball
1-0: Ball
2-0: Grounds into fielders choice 6-2 (Groundball, 6M)
Roberto Lozano to third
Wallace Greene to second
Batting: SHB António Hernández 0-0: Ball
1-0: Foul Ball, location: 2F
1-1: Foul Ball, location: 2F
1-2: Strikes out swinging
Top of the 9th over - 0 run(s), 1 hit(s), 0 error(s), 3 left on base; Seattle 6 - Houston 3
BOTTOM OF THE 9TH
Houston Marshals batting - Pitching for Seattle Pikes : RHP Orlando Ojeda
Pitching: LHP Cristián Escobar
Batting: SHB Álex Rosado 0-0: Ball
1-0: Ball
2-0: Swinging Strike
2-1: SINGLE (Flyball, 8LS)
Batting: LHB Matt Smith 0-0: Ball
1-0: Ball
2-0: Called Strike
2-1: DOUBLE (Line Drive, 9LM)
Álex Rosado to third
Pinch Hitting: RHB Chris Parker 0-0: Ball
1-0: Ball
2-0: SINGLE (Groundball, 6MD)
Álex Rosado scores
Matt Smith to third
Batting: LHB Kent MacDulothe 0-0: Called Strike
0-1: Foul Ball, location: 2F
0-2: Ball
1-2: Strikes out swinging
Batting: RHB Gregg Nelson 0-0: Foul Ball, location: 2F
0-1: Swinging Strike
0-2: Ball
1-2: Foul Ball, location: 2F
1-2: Grounds into double play, 6-4-3 (Groundball, 6)
Bottom of the 9th over - 1 run(s), 3 hit(s), 0 error(s), 1 left on base; Seattle 6 - Houston 4
Tuesday, August 8th, 2017 - OOTP Baseball 17.12 Build 75